| TOP OF THE 1ST |
|
Clinton LumberKings batting - Pitching for Burlington Bees : RHP Hector Carrizales
|
|
Pitching: RHP Hector Carrizales
|
|
|
Batting: RHB Antonio Oyola
|
0-0: Ball 1-0: Fly out, F9 (Flyball, 9S, EV 75.0 MPH)
|
|
Batting: RHB Ivan Davila
|
0-0: Called Strike 0-1: Ball 1-1: Ball 2-1: Ground out 5-3 (Groundball, 56, EV 76.2 MPH)
|
|
Batting: LHB Jason Kinney
|
0-0: Called Strike 0-1: Ball 1-1: Ball 2-1: Ball 3-1: Base on Balls
|
|
Batting: RHB Kinzo Yokoyama
|
0-0: Ball 1-0: Ball Jason Kinney steals 2nd base 2-0: Ground out 5-3 (Groundball, 5L, EV 86.2 MPH)
|
| Top of the 1st over - 0 runs, 0 hits, 0 errors, 1 left on base; Clinton 0 - Burlington 0 |
| BOTTOM OF THE 1ST |
|
Burlington Bees batting - Pitching for Clinton LumberKings : RHP Steve Miles
|
|
Pitching: RHP Steve Miles
|
|
|
Batting: RHB Sean Rocha
|
0-0: Called Strike 0-1: Called Strike 0-2: Ball 1-2: Ground out 6-3 (Groundball, 6, EV 90.6 MPH)
|
|
Batting: RHB Peter Westover
|
0-0: Called Strike 0-1: Ground out 1-3 (Groundball, P, EV 69.4 MPH)
|
|
Batting: LHB Spencer Palmer
|
0-0: Called Strike 0-1: SINGLE (Groundball, 4, EV 95.6 MPH)
|
|
Batting: LHB Jamie Diebel
|
0-0: Called Strike Spencer Palmer steals 2nd base 0-1: Foul Ball, location: 2F 0-2: Ground out 4-3 (Groundball, 4S, EV 76.9 MPH)
|
| Bottom of the 1st over - 0 runs, 1 hit, 0 errors, 1 left on base; Clinton 0 - Burlington 0 |
| TOP OF THE 2ND |
|
Clinton LumberKings batting - Pitching for Burlington Bees : RHP Hector Carrizales
|
|
Batting: RHB Rich Justice
|
0-0: Ball 1-0: Ball 2-0: DOUBLE (Line Drive, 7LD, EV 104.4 MPH)
|
|
Batting: RHB Jung-wan Aan
|
0-0: Called Strike 0-1: Called Strike 0-2: Ball 1-2: Foul Ball, location: 2F 1-2: Ground out 6-3 (Groundball, 6, EV 88.8 MPH)
|
|
Batting: SHB Raghnall Ahearne
|
0-0: Ball 1-0: Called Strike 1-1: Foul Ball, location: 2F 1-2: SINGLE (Groundball, 4MD, EV 102.5 MPH) Rich Justice to third
|
|
Batting: RHB Bryan Shuller
|
0-0: Called Strike 0-1: Reached on error, E6 (Groundball, 6, EV 103.1 MPH) Rich Justice scores Raghnall Ahearne to second
|
|
Batting: RHB David Greene
|
0-0: Ball 1-0: Called Strike 1-1: Foul Ball, location: 2F 1-2: Fielders Choice at 2nd, 3-6 (Groundball, 34S, EV 81.2 MPH) Raghnall Ahearne to third
|
|
Batting: RHB Antonio Oyola
|
0-0: Called Strike 0-1: Foul Ball, location: 2F 0-2: Foul Ball, location: 2F 0-2: Foul Ball, location: 2F 0-2: Ball 1-2: Ball 2-2: Ball 3-2: Base on Balls David Greene to second
|
|
Batting: RHB Ivan Davila
|
0-0: Ball 1-0: Ball 2-0: Foul Ball, location: 2F 2-1: Ball 3-1: Swinging Strike 3-2: Strikes out swinging
|
| Top of the 2nd over - 1 run, 2 hits, 1 error, 3 left on base; Clinton 1 - Burlington 0 |
| BOTTOM OF THE 2ND |
|
Burlington Bees batting - Pitching for Clinton LumberKings : RHP Steve Miles
|
|
Batting: RHB Dan Burkhart
|
0-0: Called Strike 0-1: Ball 1-1: DOUBLE (Line Drive, 8LXD, EV 111.2 MPH)
|
|
Batting: RHB Dan Thomey
|
0-0: Called Strike 0-1: Ball 1-1: Ball 2-1: SINGLE (Line Drive, 89S, EV 109.4 MPH) Dan Burkhart to third
|
|
Batting: RHB Rory Cobb
|
0-0: Ball Dan Thomey is caught stealing 2nd base 2-4 1-0: Foul Ball, location: 2F 1-1: Swinging Strike 1-2: Strikes out swinging
|
|
Batting: LHB Adam Barry
|
0-0: Ball 1-0: Ball 2-0: 2-RUN HOME RUN (Flyball, 9D, EV 92.5 MPH), Distance : 354 ft
|
|
Batting: RHB Phil Knox
|
0-0: Reached on error, E3 (Groundball, 3, EV 81.9 MPH)
|
|
Batting: RHB Sean Rocha
|
0-0: Called Strike 0-1: Fly out, F7 (Flyball, 78M, EV 88.1 MPH)
|
| Bottom of the 2nd over - 2 runs, 3 hits, 1 error, 1 left on base; Clinton 1 - Burlington 2 |
| TOP OF THE 3RD |
|
Clinton LumberKings batting - Pitching for Burlington Bees : RHP Hector Carrizales
|
|
Batting: LHB Jason Kinney
|
0-0: Foul Ball, location: 2F 0-1: Called Strike 0-2: Strikes out looking
|
|
Batting: RHB Kinzo Yokoyama
|
0-0: Called Strike 0-1: Fly out, F8 (Flyball, 8LD, EV 103.1 MPH)
|
|
Batting: RHB Rich Justice
|
0-0: Ball 1-0: Ball 2-0: Swinging Strike 2-1: Ball 3-1: Ground out 4-3 (Groundball, 34, EV 109.4 MPH)
|
| Top of the 3rd over - 0 runs, 0 hits, 0 errors, 0 left on base; Clinton 1 - Burlington 2 |
| BOTTOM OF THE 3RD |
|
Burlington Bees batting - Pitching for Clinton LumberKings : RHP Steve Miles
|
|
Batting: RHB Peter Westover
|
0-0: Called Strike 0-1: Swinging Strike 0-2: DOUBLE (Flyball, 8RXD, EV 98.1 MPH)
|
|
Batting: LHB Spencer Palmer
|
0-0: Foul Ball, location: 2F 0-1: Foul Ball, location: 2F 0-2: Strikes out swinging
|
|
Batting: LHB Jamie Diebel
|
0-0: Ball 1-0: Ball 2-0: Fly out, F8 (Flyball, 89M, EV 89.4 MPH)
|
|
Batting: RHB Dan Burkhart
|
0-0: Ball 1-0: Ball 2-0: Ball Wild Pitch! Peter Westover to third 3-0: Called Strike 3-1: SINGLE (Groundball, 6MD, EV 98.1 MPH) Peter Westover scores
|
|
Batting: RHB Dan Thomey
|
0-0: Ball 1-0: Swinging Strike 1-1: Called Strike 1-2: Foul Ball, location: 2F 1-2: Foul Ball, location: 2F 1-2: DOUBLE (Flyball, 89XD, EV 108.1 MPH) Dan Burkhart to third Runner from 3rd tries for Home, SAFE, throw by RF to trailing runner, SAFE at third!
|
|
Batting: RHB Rory Cobb
|
0-0: Ball 1-0: Foul Ball, location: 2F 1-1: Foul Ball, location: 2F 1-2: Foul Ball, location: 2F 1-2: Ball 2-2: Ball 3-2: Foul Ball, location: 2F 3-2: Strikes out swinging
|
| Bottom of the 3rd over - 2 runs, 3 hits, 0 errors, 1 left on base; Clinton 1 - Burlington 4 |
| TOP OF THE 4TH |
|
Clinton LumberKings batting - Pitching for Burlington Bees : RHP Hector Carrizales
|
|
Batting: RHB Jung-wan Aan
|
0-0: Ball 1-0: Ground out 6-3 (Groundball, 6, EV 100.0 MPH)
|
|
Batting: SHB Raghnall Ahearne
|
0-0: Ball 1-0: Ball 2-0: Swinging Strike 2-1: Ball 3-1: Base on Balls
|
|
Batting: RHB Bryan Shuller
|
0-0: Foul Ball, location: 2F 0-1: Foul Ball, location: 2F 0-2: Ball 1-2: Strikes out looking
|
|
Batting: RHB David Greene
|
0-0: Ball 1-0: Ball Raghnall Ahearne steals 2nd base (no throw) 2-0: Ball 3-0: Base on Balls
|
|
Batting: RHB Antonio Oyola
|
0-0: Ball 1-0: Swinging Strike 1-1: Ball 2-1: Called Strike 2-2: Ball 3-2: SINGLE (Groundball, 6MS, EV 72.5 MPH) (infield hit) Raghnall Ahearne to third David Greene to second
|
|
Batting: RHB Ivan Davila
|
0-0: Called Strike 0-1: Fly out, F8 (Flyball, 78D, EV 99.4 MPH)
|
| Top of the 4th over - 0 runs, 1 hit, 0 errors, 3 left on base; Clinton 1 - Burlington 4 |
| BOTTOM OF THE 4TH |
|
Burlington Bees batting - Pitching for Clinton LumberKings : RHP Steve Miles
|
|
Batting: LHB Adam Barry
|
0-0: Called Strike 0-1: Ball 1-1: SINGLE (Groundball, 34, EV 96.9 MPH)
|
|
Batting: RHB Phil Knox
|
0-0: Ball 1-0: Foul Ball, location: 2F 1-1: Ball Adam Barry is caught stealing 2nd base 2-4 2-1: Fly out, F8 (Flyball, 8LXD, EV 94.4 MPH)
|
|
Batting: RHB Sean Rocha
|
0-0: Ball 1-0: Called Strike 1-1: Ground out 5-3 (Groundball, 56, EV 78.8 MPH)
|
| Bottom of the 4th over - 0 runs, 1 hit, 0 errors, 0 left on base; Clinton 1 - Burlington 4 |
| TOP OF THE 5TH |
|
Clinton LumberKings batting - Pitching for Burlington Bees : RHP Hector Carrizales
|
|
Batting: LHB Jason Kinney
|
0-0: Called Strike 0-1: Ball 1-1: Swinging Strike 1-2: Ball 2-2: Foul Ball, location: 2F 2-2: DOUBLE (Flyball, 8LXD, EV 112.5 MPH)
|
|
Pitching: RHP Jose Alvarado
|
|
|
Batting: RHB Kinzo Yokoyama
|
0-0: Ball 1-0: Ball 2-0: Foul Ball, location: 2F 2-1: Ground out 5-3 (Groundball, 56, EV 100.6 MPH)
|
|
Batting: RHB Rich Justice
|
0-0: Called Strike 0-1: Ball 1-1: Ground out 6-3 (Groundball, 6, EV 85.6 MPH)
|
|
Batting: RHB Jung-wan Aan
|
0-0: Called Strike 0-1: Ground out 5-3 (Groundball, 56D, EV 107.5 MPH)
|
| Top of the 5th over - 0 runs, 1 hit, 0 errors, 1 left on base; Clinton 1 - Burlington 4 |
| BOTTOM OF THE 5TH |
|
Burlington Bees batting - Pitching for Clinton LumberKings : RHP Steve Miles
|
|
Batting: RHB Peter Westover
|
0-0: Ball 1-0: Fly out, F8 (Flyball, 8RD, EV 92.5 MPH)
|
|
Batting: LHB Spencer Palmer
|
0-0: Called Strike 0-1: Swinging Strike 0-2: Ball 1-2: Ball 2-2: Fly out, F9 (Flyball, 89M, EV 77.5 MPH)
|
|
Batting: LHB Jamie Diebel
|
0-0: Ball 1-0: Ball 2-0: Ball 3-0: Called Strike 3-1: DOUBLE (Flyball, 89D, EV 100.6 MPH)
|
|
Batting: RHB Dan Burkhart
|
0-0: Called Strike 0-1: Fly out, F8 (Line Drive, 8RM, EV 90.6 MPH)
|
| Bottom of the 5th over - 0 runs, 1 hit, 0 errors, 1 left on base; Clinton 1 - Burlington 4 |
| TOP OF THE 6TH |
|
Clinton LumberKings batting - Pitching for Burlington Bees : RHP Jose Alvarado
|
|
Batting: SHB Raghnall Ahearne
|
0-0: Ball 1-0: Foul Ball, location: 2F 1-1: Called Strike 1-2: Ball 2-2: SINGLE (Groundball, 6MS, EV 84.4 MPH) (infield hit)
|
|
Batting: RHB Bryan Shuller
|
0-0: Ball 1-0: Ball Wild Pitch! Raghnall Ahearne to second 2-0: Ball 3-0: Base on Balls
|
|
Batting: RHB David Greene
|
0-0: Ball 1-0: Grounds into double play, 5-4-3 (Groundball, 56, EV 88.1 MPH) Raghnall Ahearne to third
|
|
Batting: RHB Antonio Oyola
|
0-0: Ball 1-0: Called Strike 1-1: Ball 2-1: Ball 3-1: Swinging Strike 3-2: Foul Ball, location: 2F 3-2: Strikes out swinging
|
| Top of the 6th over - 0 runs, 1 hit, 0 errors, 1 left on base; Clinton 1 - Burlington 4 |
| BOTTOM OF THE 6TH |
|
Burlington Bees batting - Pitching for Clinton LumberKings : RHP Steve Miles
|
|
Pitching: RHP Bryce Blanksby
|
|
|
Batting: RHB Dan Thomey
|
0-0: Ball 1-0: Ball 2-0: Ball 3-0: Base on Balls
|
|
Batting: RHB Rory Cobb
|
0-0: Called Strike 0-1: Swinging Strike 0-2: Ball 1-2: Ball 2-2: Ball 3-2: Foul Ball, location: 2F 3-2: Foul Ball, location: 2F 3-2: Strikes out swinging
|
|
Batting: LHB Adam Barry
|
0-0: Ball 1-0: DOUBLE (Line Drive, 9LM, EV 112.5 MPH) Dan Thomey to third
|
|
Batting: RHB Phil Knox
|
0-0: Ball 1-0: Swinging Strike 1-1: Ball 2-1: Called Strike 2-2: Foul Ball, location: 2F 2-2: Reached on error, E5 (Groundball, 56, EV 106.2 MPH) Dan Thomey scores Adam Barry to third
|
|
Batting: RHB Sean Rocha
|
0-0: Called Strike 0-1: Ball 1-1: Ball 2-1: Swinging Strike 2-2: Grounds into double play, 4-6-3 (Groundball, 4, EV 95.6 MPH)
|
| Bottom of the 6th over - 1 run, 1 hit, 1 error, 1 left on base; Clinton 1 - Burlington 5 |
| TOP OF THE 7TH |
|
Clinton LumberKings batting - Pitching for Burlington Bees : RHP Jose Alvarado
|
|
Pitching: LHP Chris Fuller
|
|
|
Batting: RHB Ivan Davila
|
0-0: Ball 1-0: SINGLE (Groundball, 6MD, EV 102.5 MPH)
|
|
Batting: LHB Jason Kinney
|
0-0: DOUBLE (Line Drive, 7LD, EV 107.5 MPH) Ivan Davila to third Runner from 3rd tries for Home, SAFE, throw by LF to trailing runner, SAFE at third!
|
|
Batting: RHB Kinzo Yokoyama
|
0-0: Fly out, F6 (Popup, 6M, EV 58.1 MPH)
|
|
Batting: RHB Rich Justice
|
0-0: Ball 1-0: Ball 2-0: Fly out, F7 (Flyball, 7, EV 85.6 MPH)
|
|
Batting: RHB Jung-wan Aan
|
0-0: Swinging Strike 0-1: Ball 1-1: Foul Ball, location: 2F 1-2: Ground out 5-3 (Groundball, 56S, EV 66.9 MPH)
|
| Top of the 7th over - 1 run, 2 hits, 0 errors, 1 left on base; Clinton 2 - Burlington 5 |
| BOTTOM OF THE 7TH |
|
Burlington Bees batting - Pitching for Clinton LumberKings : RHP Bryce Blanksby
|
|
Pitching: RHP Luis Pantoja
|
|
|
Batting: RHB Peter Westover
|
0-0: Ball 1-0: Ball 2-0: Called Strike 2-1: Swinging Strike 2-2: Strikes out swinging
|
|
Batting: LHB Spencer Palmer
|
0-0: Swinging Strike 0-1: Ball 1-1: Called Strike 1-2: Foul Ball, location: 2F 1-2: Ground out 6-3 (Groundball, 6, EV 102.5 MPH)
|
|
Batting: LHB Jamie Diebel
|
0-0: Ball 1-0: Fly out, F6 (Popup, 6MD, EV 49.4 MPH)
|
| Bottom of the 7th over - 0 runs, 0 hits, 0 errors, 0 left on base; Clinton 2 - Burlington 5 |
| TOP OF THE 8TH |
|
Clinton LumberKings batting - Pitching for Burlington Bees : LHP Chris Fuller
|
|
Pitching: RHP Simon Vogel
|
|
|
Batting: SHB Raghnall Ahearne
|
0-0: Ball 1-0: Swinging Strike 1-1: DOUBLE (Line Drive, 7LD, EV 111.2 MPH)
|
|
Batting: RHB Bryan Shuller
|
0-0: Ball 1-0: 2-RUN HOME RUN (Flyball, 78XD, EV 98.1 MPH), Distance : 398 ft
|
|
Pinch Hitting: SHB Frank Amato
|
0-0: Foul Ball, location: 2F 0-1: Ball 1-1: Ball 2-1: Swinging Strike 2-2: Fly out, F8 (Flyball, 89M, EV 85.0 MPH)
|
|
Batting: RHB Antonio Oyola
|
0-0: Foul Ball, location: 2F 0-1: Foul Ball, location: 2F 0-2: SINGLE (Line Drive, 78D, EV 105.0 MPH)
|
|
Batting: RHB Ivan Davila
|
0-0: Ball 1-0: Foul Ball, location: 2F 1-1: Swinging Strike 1-2: Fielders Choice at 2nd, 4-6 (Groundball, 4M, EV 106.2 MPH)
|
|
Batting: LHB Jason Kinney
|
0-0: Called Strike 0-1: Called Strike 0-2: Ball 1-2: Ball 2-2: Ball 3-2: SINGLE (Line Drive, 7S, EV 103.1 MPH) Ivan Davila to second Ivan Davila to third
|
|
Batting: RHB Kinzo Yokoyama
|
0-0: Called Strike 0-1: DOUBLE (Line Drive, 89XD, EV 105.0 MPH) Ivan Davila scores Jason Kinney to third Runner from 3rd tries for Home, SAFE, throw by CF to home
|
|
Pitching: LHP Mark Sanders
|
|
|
Batting: RHB Rich Justice
|
0-0: Ball 1-0: Called Strike 1-1: Swinging Strike 1-2: Foul Ball, location: 2F 1-2: Ball 2-2: Ball 3-2: DOUBLE (Line Drive, 7LM, EV 93.1 MPH) Kinzo Yokoyama scores
|
|
Pinch Runner at 2nd Tze-meng Li:
|
|
|
Batting: RHB Jung-wan Aan
|
0-0: Ball 1-0: Ball 2-0: Ball 3-0: Called Strike 3-1: Swinging Strike 3-2: Strikes out swinging
|
| Top of the 8th over - 5 runs, 6 hits, 0 errors, 1 left on base; Clinton 7 - Burlington 5 |
| BOTTOM OF THE 8TH |
|
Burlington Bees batting - Pitching for Clinton LumberKings : RHP Luis Pantoja
|
|
Now at 3B: Danny Pujols
|
|
|
Now at SS: Tze-meng Li
|
|
|
Batting: RHB Dan Burkhart
|
0-0: Fly out, F8 (Flyball, 78M, EV 99.4 MPH)
|
|
Batting: RHB Dan Thomey
|
0-0: Ball 1-0: Ball 2-0: Ball 3-0: Called Strike 3-1: SINGLE (Line Drive, 56, EV 98.1 MPH)
|
|
Pinch Hitting: LHB Matthew Bale
|
0-0: Grounds into double play, 6-4-3 (Groundball, 6, EV 108.1 MPH)
|
| Bottom of the 8th over - 0 runs, 1 hit, 0 errors, 0 left on base; Clinton 7 - Burlington 5 |
| TOP OF THE 9TH |
|
Clinton LumberKings batting - Pitching for Burlington Bees : LHP Mark Sanders
|
|
Pitching: RHP Kennie Williams
|
|
|
Now in RF: Malachi Ephron
|
|
|
Batting: SHB Raghnall Ahearne
|
0-0: Called Strike 0-1: Foul Ball, location: 2F 0-2: Strikes out swinging
|
|
Batting: RHB Bryan Shuller
|
0-0: Ball 1-0: Foul Ball, location: 2F 1-1: Foul Ball, location: 2F 1-2: Ground out 6-3 (Groundball, 6S, EV 63.1 MPH)
|
|
Batting: RHB Danny Pujols
|
0-0: Ball 1-0: Swinging Strike 1-1: Ball 2-1: Ball 3-1: Foul Ball, location: 2F 3-2: Strikes out looking
|
| Top of the 9th over - 0 runs, 0 hits, 0 errors, 0 left on base; Clinton 7 - Burlington 5 |
| BOTTOM OF THE 9TH |
|
Burlington Bees batting - Pitching for Clinton LumberKings : RHP Luis Pantoja
|
|
Pitching: RHP Dave Williams
|
|
|
Now in RF: Josh Gottlieb
|
|
|
Batting: LHB Adam Barry
|
0-0: Ball 1-0: Ball 2-0: Called Strike 2-1: Swinging Strike 2-2: Foul Ball, location: 2F 2-2: Ground out 1-3 (Groundball, 13, EV 66.9 MPH)
|
|
Batting: RHB Phil Knox
|
0-0: Ball 1-0: Foul Ball, location: 2F 1-1: Ground out 6-3 (Groundball, 6, EV 83.1 MPH)
|
|
Batting: RHB Sean Rocha
|
0-0: Foul Ball, location: 2F 0-1: Ground out 5-3 (Groundball, 5S, EV 73.1 MPH)
|
| Bottom of the 9th over - 0 runs, 0 hits, 0 errors, 0 left on base; Clinton 7 - Burlington 5 |
|